 Dungeon Crawl Stone Soup version 0.29.1-15-g9cfb28693d (webtiles) character file.

Game seed: 6040332873933554831

144 IndexError the Digger (level 5, 0/28 HPs)
             Began as a Gargoyle Earth Elementalist on Mar 8, 2023.
             Slain by a river rat (4 damage)
             ... on level 3 of the Dungeon.
             The game lasted 00:04:50 (2540 turns).

IndexError the Digger (Gargoyle Earth Elementalist) Turns: 2540, Time: 00:04:50

Health: 0/28       AC:  6    Str: 11    XL:     5   Next: 26%
Magic:  0/10       EV: 11    Int: 18    God:
Gold:   126        SH:  0    Dex: 10    Spells: 10/11 levels left

rFire   . . .      SeeInvis .   g - +0 short sword
rCold   . . .      Faith    .   (no shield)
rNeg    + . .      Spirit   .   a - +0 robe
rPois   ∞          Reflect  .   (no helmet)
rElec   +          Harm     .   (no cloak)
rCorr   .          Rampage  .   (no gloves)
Will    .....                   (no boots)
Stlth   ++........              (no amulet)
HPRegen 0.09/turn               (no ring)
MPRegen 0.12/turn               (no ring)

@: no status effects
A: sickness immunity, AC +4, negative energy resistance 1, electricity
resistance, torment resistance 1, petrification resistance
a: no special abilities


You were on level 3 of the Dungeon.
You visited 1 branch of the dungeon, and saw 3 of its levels.

You collected 126 gold pieces.

Inventory:

Hand Weapons
 g - a +0 short sword (weapon)
   (You took it off a kobold on level 1 of the Dungeon)
Missiles
 q - a throwing net {=f, !d}
Armour
 a - a +0 robe (worn)
Magical Staves
 h - a staff of fire {rF+}
   (You found it on level 1 of the Dungeon)
Jewellery
 s - an amulet of faith {Faith, !P}
   (You found it on level 2 of the Dungeon)
Wands
 p - a wand of quicksilver (8)
   (You took it off Natasha on level 2 of the Dungeon)
Scrolls
 c - a scroll of blinking {unknown}
 d - a scroll of teleportation {unknown}
 l - 4 scrolls of identify {unknown}
 o - a scroll of magic mapping {unknown}
 r - a scroll of summoning {unknown}
Potions
 b - a potion of magic
 e - 2 potions of flight {unknown}
 f - 3 potions of attraction {unknown}
 i - a potion of curing {unknown}
 j - a potion of haste {unknown}
 k - 3 potions of might {unknown}
 m - 2 potions of heal wounds {unknown}
 n - a potion of degeneration {unknown}


   Skills:
 - Level 1.5 Dodging
 - Level 2.1 Stealth
 + Level 3.7 Spellcasting
 - Level 0.7 Transmutations
 + Level 5.5 Earth Magic


You had 10 spell levels left.
You knew the following spells:

 Your Spells              Type           Power      Damage    Failure   Level
a - Sandblast             Erth           46%        2d11      1%          1

Your spell library contained the following spells:

 Spells                   Type           Power      Damage    Failure   Level
 Passwall                 Tmut/Erth      11%        N/A       6%          2
 Stone Arrow              Conj/Erth      26%        3d8       14%         3
 Slow                     Hex            12%        N/A       16%         1
 Petrify                  Tmut/Erth      14%        N/A       38%         4
 Confusing Touch          Hex            3%         N/A       41%         3
 Vampiric Draining        Necr           3%         2d6       41%         3


Dungeon Overview and Level Annotations

Branches:
Dungeon (3/15)

Altars:
Nemelex Xobeh

Portals:
Sewer: D:3


Innate Abilities, Weirdness & Mutations

You are immune to sickness and miasma.
Your stone body is resilient. (AC +4)
You are immune to poison.
You resist negative energy. (rN+)
You are resistant to electric shocks. (rElec)
You are resistant to unholy torment.
You are immune to petrification.


Message History

Aim: a river rat (81% to hit)
The blast of sand hits the giant cockroach!
The river rat closely misses you.
You now have 7/10 mp.
Aiming: Sandblast (safe; 1% risk of failure)
Press: ? - help, Q - select action, (/) - cycle Shift-Dir - straight line, f - river rat, p - river rat
Aim: a river rat (81% to hit)
The blast of sand hits the river rat but does no damage.
You now have 6/10 mp.
Aiming: Sandblast (safe; 1% risk of failure)
Press: ? - help, Q - select action, (/) - cycle Shift-Dir - straight line, f/p - river rat
Aim: a river rat (81% to hit)
The blast of sand hits the river rat!
The river rat bites you. x2
The river rat bites you but does no damage.
The river rat barely misses you.
You take 6 damage, and have 22/28 hp.
MASSIVE DAMAGE!!
You now have 5/10 mp.
The river rat closely misses you. The river rat attacks as you move away!
The river rat barely misses you.
Aiming: Sandblast (safe; 1% risk of failure)
Press: ? - help, Q - select action, (/) - cycle Shift-Dir - straight line, f/p - river rat
Aim: a river rat (almost dead, 81% to hit)
The blast of sand hits the river rat!
The river rat bites you!
You take 7 damage, and have 16/28 hp.
MASSIVE DAMAGE!!
You now have 5/10 mp.
Aiming: Sandblast (safe; 1% risk of failure)
Press: ? - help, Q - select action, (/) - cycle Shift-Dir - straight line, f/p - river rat
Aim: a river rat (almost dead, 81% to hit)
The blast of sand hits the river rat.
You hear the slow rusting of a drain.
The river rat bites you but does no damage.
You now have 4/10 mp.
Aiming: Sandblast (safe; 1% risk of failure)
Press: ? - help, Q - select action, (/) - cycle Shift-Dir - straight line, f/p - river rat
Aim: a river rat (almost dead, 81% to hit)
The blast of sand hits the river rat!
The rat bites you but does no damage.
You now have 3/10 mp.
Aiming: Sandblast (safe; 1% risk of failure)
Press: ? - help, Q - select action, (/) - cycle Shift-Dir - straight line, f - rat
Aim: a rat (83% to hit)
The blast of sand hits the rat!!
You now have 2/10 mp.
Things that are here:
a rat corpse; a river rat corpse; a river rat corpse A river rat comes into view.
There is an open door here.
You enter the shallow water.
Moving in this stuff is going to be slow.
There are monsters nearby!
Aiming: Sandblast (safe; 1% risk of failure)
Press: ? - help, Q - select action, (/) - cycle Shift-Dir - straight line, f - giant cockroach
Aim: a giant cockroach (83% to hit)
The blast of sand misses the giant cockroach.
The giant cockroach splashes around in the water.
You now have 2/10 mp.
The giant cockroach barely misses you. x2
There is an open door here.
The giant cockroach closely misses you.
Aiming: Sandblast (safe; 1% risk of failure)
Press: ? - help, Q - select action, (/) - cycle Shift-Dir - straight line, f/p - giant cockroach
Aim: a giant cockroach (83% to hit)
The blast of sand hits the giant cockroach!
Aiming: Sandblast (safe; 1% risk of failure)
Press: ? - help, Q - select action, (/) - cycle Shift-Dir - straight line, f - river rat
Aim: a river rat (81% to hit)
The blast of sand hits the river rat.
The river rat bites you but does no damage.
The river rat barely misses you.
You now have 1/10 mp.
Aiming: Sandblast (safe; 1% risk of failure)
Press: ? - help, Q - select action, (/) - cycle Shift-Dir - straight line, f/p - river rat
Aim: a river rat (moderately wounded, 81% to hit)
The blast of sand hits the river rat but does no damage.
The river rat closely misses you.
You now have 0/10 mp.
You closely miss the river rat. The river rat bites you.
You take 3 damage, and have 14/28 hp.
You barely miss the river rat. The river rat bites you.
The river rat completely misses you.
You take 3 damage, and have 11/28 hp.
You closely miss the river rat. The river rat closely misses you.
You hit the river rat.
The river rat bites you but does no damage.
You barely miss the river rat. The river rat bites you.
You take 2 damage, and have 10/28 hp.
You barely miss the river rat. The river rat bites you.
You take 1 damage, and have 9/28 hp.
Aiming: Sandblast (safe; 1% risk of failure)
Press: ? - help, Q - select action, (/) - cycle Shift-Dir - straight line, f/p - river rat
Aim: a river rat (severely wounded, 81% to hit)
The blast of sand hits the river rat but does no damage.
The river rat bites you.
* * * LOW HITPOINT WARNING * * *
You take 5 damage, and have 4/28 hp.
You now have 0/10 mp.
You barely miss the river rat. The river rat barely misses you.
The river rat closely misses you.
You closely miss the river rat. The river rat barely misses you.
You barely miss the river rat. The river rat bites you.
You die...

#...# ##.###.#
#...# #......
#...# #...(#
####...## ##....#
.......[####.....#
####....##.......#
..##.............#
..#####..#######.#
..# #..#~~~~~r@#
..# #..#~~∩~~#†#
### #..#~~~~~#.# #
##.#~~~~~#.# #
#.#######.# #..
....# ##.## ... ##


You could see a river rat.

Vanquished Creatures
  Natasha (thrice) (D:2)
  2 river rats (D:3)
  2 worms (D:2)
  2 orcs (D:3)
  11 endoplasms
  4 giant cockroaches
  A goblin (D:2)
  5 hobgoblins
  2 kobolds (D:1)
  2 quokkas
  5 ball pythons
  A frilled lizard (D:2)
  2 rats
42 creatures vanquished.

Notes
Turn   | Place    | Note
-------+----------+-------------------------------------------
     0 | D:1      | IndexError the Gargoyle Earth Elementalist began the quest
                  | for the Orb.
     0 | D:1      | Reached XP level 1. HP: 10/10 MP: 3/3
   405 | D:1      | Reached XP level 2. HP: 15/15 MP: 0/5
   575 | D:1      | Reached skill level 4 in Earth Magic
  1371 | D:2      | Reached XP level 3. HP: 19/19 MP: 2/7
  1512 | D:2      | Noticed Natasha
  1516 | D:2      | Killed Natasha
  1517 | D:2      | Reached skill level 3 in Spellcasting
  1820 | D:2      | Noticed Natasha
  1823 | D:2      | Killed Natasha
  1824 | D:2      | Reached skill level 5 in Earth Magic
  1824 | D:2      | Reached XP level 4. HP: 24/24 MP: 5/8
  1879 | D:2      | Noticed Natasha
  1890 | D:2      | Killed Natasha
  2087 | D:2      | Found a sparkling altar of Nemelex Xobeh.
  2369 | D:3      | Reached XP level 5. HP: 28/28 MP: 8/10
  2509 | D:3      | Found a glowing drain.
  2537 | D:3      | HP: 4/28 [river rat (5)]
  2540 | D:3      | Slain by a river rat

Illustrated notes

Levels and vault maps discovered:
D:1:      pf_arrival_petrified_forest, layout_basic
D:2:      layout_basic, basic_altar, uniq_natasha
D:3:      layout_basic, lemuel_doored_altar, portal_sewer_entry_c

Skill      XL: |  1  2  3 |
---------------+----------+-----
Earth Magic    | 4 5 |  5.5
Spellcasting   | 3 |  3.7
Dodging        | |  1.5
Stealth        | |  2.1
Transmutations | |  0.7

Action                   |  1- 3 |  4- 6 || total
-------------------------+-------+-------++-------
Melee: Unarmed           |     1 |       ||     1
       Short sword       |       |     9 ||     9
 Cast: Sandblast         |    45 |    30 ||    75
Armor: Robe              |     1 |     7 ||     8
Dodge: Dodged            |     3 |    16 ||    19

Table legend: (Time is in decaauts)
 A = Elapsed time spent in this place.
 B = Non-inter-level travel time spent in this place.
 C = Inter-level travel time spent in this place.
 D = Time resting spent in this place.
 E = Time spent auto-exploring this place.
 F = Levels seen in this place.
 G = Mean time per level.
                   A        B        C        D        E       F      G
               +--------+--------+--------+--------+--------+-----+--------+
         Total |   2579 |   2379 |    200 |      0 |   2032 |   3 |  859.7 |
       Dungeon |   2579 |   2379 |    200 |      0 |   2032 |   3 |  859.7 |
               +--------+--------+--------+--------+--------+-----+--------+

Top non-repeatable levels by time:
     D:1: 1245 daAuts
     D:2: 1189 daAuts
     D:3: 144 daAuts

Table legend:
 A = Kills in this place as a percentage of kills in entire the game.
 B = Kills by you in this place as a percentage of kills by you in the entire game.
 C = Kills by friends in this place as a percentage of kills by friends in the entire game.
 D = Other kills in this place as a percentage of other kills in the entire game.
 E = Experience gained in this place as a percentage of experience gained in the entire game.
 F = Experience gained in this place divided by the number of levels of this place that you have seen.
                   A       B       C       D       E      F
               +-------+-------+-------+-------+-------+----------------------
         Total | 100.0 | 100.0 |   N/A |   N/A | 100.0 |  68.7
       Dungeon | 100.0 | 100.0 |   N/A |   N/A | 100.0 |  68.7
               +-------+-------+-------+-------+-------+----------------------
